 Dungeon Crawl Stone Soup version 0.29-a0-356-g7bc237e783 (webtiles) character file.

Game seed: 7677389717574994057

7774 spaghetti the Fighter (level 11, -3/110 HPs)
             Began as a Deep Dwarf Hunter on Apr 26, 2022.
             Was a Believer of Elyvilon.
             Slain by a killer bee (4 damage)
             ... on level 9 of the Dungeon.
             The game lasted 00:22:21 (7938 turns).

spaghetti the Fighter (Deep Dwarf Hunter)           Turns: 7938, Time: 00:22:21

Health: -3/110     AC:  3    Str: 22    XL:     11   Next: 1%
Magic:  15/19      EV: 15    Int: 13    God:    Elyvilon [**....]
Gold:   272        SH:  0    Dex: 23    Spells: 10/10 levels left

rFire   + + .      SeeInvis +   b - +6 spear of Doom {venom, Str+8, polearm}
rCold   . . .      Faith    .   (no shield)
rNeg    . . .      Spirit   .   A - +0 leather armour of Zoprya {rF+ Dex+5 SInv}
rPois   .          Reflect  .   (no helmet)
rElec   .          Harm     .   (no cloak)
rCorr   .          Rampage  .   (no gloves)
Will    +....                   (no boots)
Stlth   ++........              (no amulet)
HPRegen 0.00/turn               l - ring of protection from fire
MPRegen 0.16/turn               (no ring)

@: lethally poisoned (-3 -> -3)
A: damage resistance, heal wounds, sense surroundings 2, no regeneration
a: Heal Wounds, Renounce Religion, Purification, Heal Other


You were on level 9 of the Dungeon.
You worshipped Elyvilon.
Elyvilon was pleased with you.
You visited 1 branch of the dungeon, and saw 10 of its levels.

You collected 506 gold pieces.
You spent 234 gold pieces at shops.


Innate Abilities, Weirdness & Mutations

You are resistant to damage.
You can heal yourself by infusing magical energy.
You passively map the area around you.
You do not regenerate.


   Skills:
 + Level 10.9 Fighting
 + Level 4.8 Polearms
 + Level 9.8 Slings
 * Level 3.9 Armour
 * Level 4.6 Dodging
 - Level 1.2 Stealth
 * Level 10.7 Invocations


You had 10 spell levels left.
You didn't know any spells.
Your spell library contained the following spells:

 Spells                   Type           Power      Damage    Failure   Level
 Sandblast                Erth           0%         2d4       34%         1
 Passwall                 Tmut/Erth      0%         N/A       47%         2
 Dazzling Flash           Conj/Hex       0%         N/A       71%         3
 Inner Flame              Hex/Fire       0%         N/A       71%         3
 Stone Arrow              Conj/Erth      0%         3d7       71%         3
 Cause Fear               Hex            0%         N/A       98%         4
 Hailstorm                Conj/Ice       0%         3d3       98%         4
 Ice Form                 Ice/Tmut       0%         N/A       98%         4
 Iskenderun's Mystic Bla  Conj/Tloc      0%         2d3       98%         4
 Freezing Cloud           Conj/Ice/Air   0%         6-21      100%        5
 Simulacrum               Ice/Necr       0%         N/A       100%        6
 Starburst                Conj/Fire      0%         6d3       100%        6
 Discord                  Hex            0%         N/A       100%        8
 Polar Vortex             Ice            0%         N/A       100%        9

Inventory:

Hand Weapons
 a - a +1 hunting sling {sling}
 b - the +6 spear of Doom (weapon) {venom, Str+8, polearm}
   (You found it on level 4 of the Dungeon)

   It poisons the flesh of those it strikes.
   Str:       It affects your strength (+8).
 d - a +3 fustibalus of flaming {sling}
   (You acquired it on level 2 of the Dungeon)
 u - a +0 dagger of electrocution {short}
   (You took it off a goblin on level 1 of the Dungeon)
 v - a +1 flail of venom {mace}
   (You took it off Edmund on level 4 of the Dungeon)
 w - a +0 whip of freezing {mace}
   (You took it off Pikel on level 4 of the Dungeon)
 B - a +0 shortbow of freezing {bow}
   (You took it off a centaur on level 7 of the Dungeon)
Missiles
 e - 3 datura-tipped darts {throwing}
 h - 234 stones (quivered) {throwing}
 j - 31 poisoned darts {throwing}
 s - 6 javelins {throwing}
 H - 6 boomerangs {throwing}
Armour
 i - a +0 leather armour
 y - the +6 scale mail of the Quick Turtledove {Rampage rC+ MP+9 SInv}
   (You bought it in a shop on level 6 of the Dungeon)

   rC:        It protects you from cold.
   MP:        It affects your magic capacity (+9).
   SInv:      It lets you see invisible.
   Rampage:   It bestows one free step when moving towards enemies.
 A - the +0 leather armour of Zoprya (worn) {rF+ Dex+5 SInv}
   (You found it on level 7 of the Dungeon)

   Dex:       It affects your dexterity (+5).
   rF:        It protects you from fire.
   SInv:      It lets you see invisible.
 C - +0 steam dragon scales
   (You found it on level 6 of the Dungeon)
Magical Staves
 m - a staff of cold {!astaff}
   (You found it on level 2 of the Dungeon)
 q - a staff of death {forbidden!astaff}
   (You found it on level 4 of the Dungeon)
 t - a staff of earth {!astaff}
   (You found it on level 4 of the Dungeon)
Jewellery
 l - a ring of protection from fire (left hand)
   (You found it on level 4 of the Dungeon)
 o - an amulet of guardian spirit
   (You found it on level 2 of the Dungeon)
Wands
 p - a wand of flame (13)
   (You took it off Natasha on level 2 of the Dungeon)
 D - a wand of acid (11)
   (You found it on level 6 of the Dungeon)
 G - a wand of paralysis (7)
   (You found it on level 8 of the Dungeon)
Scrolls
 c - 2 scrolls of immolation {!r!r}
 g - a scroll of silence {!r}
 k - a scroll of fog
Potions
 f - 3 potions of brilliance
 n - 2 potions of flight
 z - 3 potions of might
 I - a potion of attraction {!q}

Dungeon Overview and Level Annotations

Branches:
Dungeon (10/15)            Temple (0/1) D:6            Lair (0/6) D:8
    Orc: D:9-12

Altars:
Dithmenos
Elyvilon
Fedhas
Ru
Sif Muna
Wu Jian
Lugonu

Shops:
D:3 (   D:6 [

Portals:
Abyss: D:3

Annotations:
D:4 1 runed translucent door, Crazy Yiuf
D:7 1 runed translucent door, exclusion: 4 orange crystal statues

#.............................
,,,###...........................
, ###................$........
#.........................
#..>......................
##.#......................
#.#.................!....
#.#....yyy...............
#+#....y@y)....(.........
#.........y...... ,
#................ ,, * *
#................ , ,
#................ ,,,, , , ,
#...#.########### , ...##.* ##.
#.* * *


You could see 6 killer bees.


Message History

You feel extremely strange.
You regain control of your magic.
You feel weaker.
Your thinking seems confused.
You kill the kobold brigand!
The killer bee misses you. The killer bee stings you!
* * * LOW HITPOINT WARNING * * *
You are poisoned.
The killer bee poisons you!
The killer bee barely misses you. x2 😱 HP[-7]
You take 7 damage, and now have 25/110 hp.
You feel purified! The killer bee barely misses you. x2
The killer bee closely misses you. The killer bee completely misses you.
The killer bee stings you.
* * * LOW HITPOINT WARNING * * *
The killer bee stings you.
* * * LOW HITPOINT WARNING * * *
The killer bee stings you!
* * * LOW HITPOINT WARNING * * *
You are poisoned.
The killer bee poisons you!
The killer bee stings you but does no damage.
The killer bee barely misses you. The killer bee closely misses you.
The killer bee buzzes angrily. 😱 HP[-9] MP[-2]
You take 9 damage, and now have 16/110 hp.
You lost 2 mp, and now have 17/19 mp.
Unknown command.
Okay, then.
Okay, then.
As you read the scroll labelled ZUWUSU YGRI, it crumbles to dust.
It is a scroll of enchant weapon.
Your +2 fustibalus of flaming {sling} glows red for a moment.
The killer bee stings you.
* * * LOW HITPOINT WARNING * * *
The killer bee stings you.
* * * LOW HITPOINT WARNING * * *
The killer bee closely misses you. The killer bee stings you!
* * * LOW HITPOINT WARNING * * *
You are more poisoned.
The killer bee poisons you! The killer bee closely misses you.
The killer bee misses you. The killer bee barely misses you.
The killer bee stings you.
* * * LOW HITPOINT WARNING * * *
😱 HP[-14]
You take 14 damage, and now have 2/110 hp.
Unknown command.
You feel much better. The killer bee barely misses you.
The killer bee stings you!
* * * LOW HITPOINT WARNING * * *
You are more poisoned.
The killer bee poisons you!
The killer bee stings you but does no damage.
The killer bee closely misses you. The killer bee barely misses you. x2
The killer bee stings you. The killer bee completely misses you.
The killer bee stings you.
* * * LOW HITPOINT WARNING * * *
You are more poisoned.
The killer bee poisons you! The killer bee closely misses you.
The killer bee misses you.
The killer bee closely misses you. 😱 HP[+19]
You regained 19 hp, and now have 21/110 hp.
Unknown command.
Unknown command.
You feel purified! The killer bee barely misses you. The killer bee misses you.
The killer bee closely misses you. The killer bee completely misses you.
The killer bee stings you.
* * * LOW HITPOINT WARNING * * *
The killer bee closely misses you. The killer bee stings you.
* * * LOW HITPOINT WARNING * * *
The killer bee closely misses you. The killer bee stings you.
* * * LOW HITPOINT WARNING * * *
The killer bee stings you.
* * * LOW HITPOINT WARNING * * *
The killer bee closely misses you.
The killer bee completely misses you. 😱 HP[-8] MP[-2]
You take 8 damage, and now have 13/110 hp.
You lost 2 mp, and now have 15/19 mp.
Unknown command.
Unknown command.
Unknown command.
Unknown command.
As you read the scroll labelled VEXAYN CIASE, it crumbles to dust.
You hear a loud clanging noise!
It was a scroll of noise.
You hear a roar!
You hear a bellow!
The killer bee stings you. The killer bee stings you!
* * * LOW HITPOINT WARNING * * *
You are poisoned.
The killer bee poisons you! The killer bee stings you.
* * * LOW HITPOINT WARNING * * *
The killer bee stings you. The killer bee barely misses you.
The killer bee stings you but does no damage.
The killer bee barely misses you.
The killer bee stings you but does no damage.
The killer bee stings you.
* * * LOW HITPOINT WARNING * * *
The killer bee barely misses you. The killer bee stings you.
Elyvilon protects you from harm! The killer bee stings you.
You die...

Skill      XL: |  1  2  3  4  5  6  7  8  9 10 |
---------------+-------------------------------+-----
Slings         | 5 6 7 8 9 |  9.8
Invocations    | 2 6 7 9 10 | 10.7
Polearms       | 2 4 |  4.8
Armour         | 1 3 |  3.9
Fighting       | 10 | 10.9
Dodging        | 4 |  4.6
Stealth        | |  1.2

Action                   |  1- 3 |  4- 6 |  7- 9 | 10-12 || total
-------------------------+-------+-------+-------+-------++-------
Melee: Spear             |       |    18 |    71 |   155 ||   244
       Punch             |       |       |       |     5 ||     5
 Fire: Hunting sling     |    65 |     4 |    60 |    53 ||   182
       Fustibalus        |    11 |   124 |       |       ||   135
Throw: Stone             |       |       |     8 |     1 ||     9
Invok: Heal Other        |       |       |     1 |     6 ||     7
       Heal Self         |       |       |     5 |     8 ||    13
       Purification      |       |       |     2 |     4 ||     6
 Abil: Heal Wounds       |       |     4 |     1 |     6 ||    11
  Use: Scroll            |     1 |     1 |     6 |     3 ||    11
       Potion            |       |     8 |     5 |     6 ||    19
 Stab: Distracted        |       |       |       |     2 ||     2
       Sleeping          |       |       |       |     2 ||     2
Armor: Leather armour    |     9 |    17 |    10 |    16 ||    52
       Scale mail        |       |       |    30 |    16 ||    46
Dodge: Dodged            |    16 |    55 |    65 |   168 ||   304

Levels and vault maps discovered:
D:1:      evilmike_arrival_crescent, layout_loops_corners,
          ebering_ecumenical_altar_sacrificial
D:2:      layout_rooms, basic_altar, minmay_misc_feat_room, grunt_ministairs_7,
          corner_web_ring, st_stairs_9, patterned_corridor, uniq_natasha,
          uniq_terence
D:3:      kennysheep_six_static_rooms, layout_basic, serial_shops, shop_statue,
          amcnicky_altar_lugonu_corruption
D:4:      layout_layer_cave, uniq_pikel, uniq_edmund, uniq_crazy_yiuf_cottage
D:5:      layout_basic, nicolae_ru_the_path_less_chosen, abandoned_shop,
          nicolae_fountain_basement, uniq_eustachio
D:6:      layout_basic, minmay_temple_entry_waves, serial_shops, shop
D:7:      layout_basic, nicolae_wu_jian_immortal_techniques,
          chequers_guarded_unrand_ignorance
D:8:      layout_basic, kennysheep_little_box,
          mainiacjoe_overflow_surrounded_room, david_lair_generic
D:9:      layout_basic
D:10:     layout_basic, grunt_decor_one_mirror

Notes
Turn   | Place    | Note
-------+----------+-------------------------------------------
     0 | D:1      | spaghetti the Deep Dwarf Hunter began the quest for the
                  | Orb.
     0 | D:1      | Reached XP level 1. HP: 19/19 MP: 1/1
     0 | D:1      | magus.rc [v1.9.6]
   241 | D:1      | Reached XP level 2. HP: 26/26 MP: 2/2
   246 | D:1      | Reached skill level 5 in Slings
   310 | D:1      | Found a faded altar of an unknown god.
   355 | D:1      | Prayed at the altar of an unknown god.
   355 | D:1      | Became a worshipper of Elyvilon the Healer
   355 | D:1      | Reached * piety under Elyvilon
   886 | D:2      | Found a blossoming altar of Fedhas.
   917 | D:2      | Reached XP level 3. HP: 28/32 MP: 3/3
  1012 | D:2      | Identified a scroll of acquirement
  1012 | D:2      | Acquired a +2 fustibalus of flaming
  1080 | D:2      | Noticed Terence
  1082 | D:2      | Noticed Natasha
  1083 | D:2      | Reached skill level 6 in Slings
  1086 | D:2      | Killed Terence
  1087 | D:2      | Reached XP level 4. HP: 33/39 MP: 4/4
  1097 | D:2      | Killed Natasha
  1313 | D:2      | Noticed Natasha
  1320 | D:2      | Killed Natasha
  1321 | D:2      | Reached skill level 7 in Slings
  1321 | D:2      | Reached XP level 5. HP: 29/45 MP: 5/5
  1388 | D:2      | Reached ** piety under Elyvilon
  1395 | D:2      | Noticed Natasha
  1399 | D:2      | Killed Natasha
  1535 | D:3      | Found a one-way gate to the infinite horrors of the Abyss.
  1535 | D:3      | Found a corrupted altar of Lugonu.
  1552 | D:3      | HP: 11/45 [lurking horror (3)]
  1689 | D:3      | HP: 6/45 [white imp/puff of frost (5)]
  1691 | D:3      | Reached skill level 1 in Invocations
  2143 | D:3      | Found Yqem Voe's Weapon Shoppe.
  2253 | D:3      | You pick up a book of Spectacle and begin reading...
  2253 | D:3      | You add the spells Dazzling Flash, Iskenderun's Mystic
                  | Blast and Starburst to your library.
  2275 | D:3      | Reached skill level 2 in Invocations
  2388 | D:3      | HP: 10/45 [something/puff of flame (6)]
  2630 | D:4      | Reached XP level 6. HP: 28/52 MP: 6/8
  2744 | D:4      | Reached skill level 3 in Invocations
  2760 | D:4      | Noticed Edmund
  2978 | D:4      | You pick up a book of Hexes and begin reading...
  2978 | D:4      | You add the spells Inner Flame, Cause Fear and Discord to
                  | your library.
  2993 | D:4      | Identified the +6 spear of Doom {venom, Str+8}
  3014 | D:4      | Noticed Pikel
  3029 | D:4      | HP: 11/52 [gnoll/+0 whip (6)]
  3045 | D:4      | Killed Pikel
  3046 | D:4      | Reached skill level 2 in Polearms
  3046 | D:4      | Reached skill level 8 in Slings
  3046 | D:4      | Reached skill level 6 in Invocations
  3046 | D:4      | Reached XP level 7. HP: 30/58 MP: 8/11
  3086 | D:4      | Gained mutation: A frigid envelope surrounds you and
                  | freezes all who hurt you. [potion of mutation]
  3232 | D:4      | Killed Edmund
  3233 | D:4      | Reached skill level 7 in Invocations
  3233 | D:4      | Reached XP level 8. HP: 23/66 MP: 13/13
  3425 | D:4      | You pick up a book of the Tundra and begin reading...
  3425 | D:4      | You add the spells Hailstorm, Ice Form and Simulacrum to
                  | your library.
  3566 | D:4      | Found a runed translucent door.
  3566 | D:4      | Reached *** piety under Elyvilon
  3582 | D:4      | Noticed Crazy Yiuf
  3823 | D:5      | Entered Level 5 of the Dungeon
  3854 | D:5      | Reached skill level 3 in Polearms
  3893 | D:5      | Noticed Eustachio
  3908 | D:5      | Killed Eustachio
  3909 | D:5      | Reached skill level 8 in Invocations
  4066 | D:5      | Reached skill level 9 in Slings
  4135 | D:5      | You pick up a book of Geomancy and begin reading...
  4135 | D:5      | You add the spells Sandblast, Passwall and Stone Arrow to
                  | your library.
  4283 | D:5      | Found a sacrificial altar of Ru.
  4486 | D:6      | Reached skill level 4 in Polearms
  4486 | D:6      | Reached skill level 9 in Invocations
  4724 | D:6      | You pick up a book of Ice and begin reading...
  4724 | D:6      | You add the spells Freezing Cloud and Polar Vortex to your
                  | library.
  4939 | D:6      | Found Duthruul's Antique Armour Shop.
  4946 | D:6      | Bought a fading scale mail for 234 gold pieces
  4946 | D:6      | Identified the +6 scale mail of the Quick Turtledove
                  | {Rampage rC+ MP+9 SInv} (You bought it in a shop on level 6
                  | of the Dungeon)
  5052 | D:6      | Found a staircase to the Ecumenical Temple.
  5411 | D:7      | Found the +10 tower shield of Ignorance {rN+ Int-4}
  5420 | D:7      | Found a runed translucent door.
  5508 | D:7      | Gained mutation: You passively map the area around you.
                  | [Deep Dwarf growth]
  5508 | D:7      | Reached XP level 9. HP: 53/73 MP: 16/16
  5512 | D:7      | Found a runed translucent door.
  5516 | D:7      | Reached skill level 1 in Armour
  5524 | D:7      | Noticed an orange crystal statue
  5524 | D:7      | Noticed an orange crystal statue
  5524 | D:7      | Noticed an orange crystal statue
  5524 | D:7      | Noticed an orange crystal statue
  5597 | D:7      | Identified a potion of experience
  5597 | D:7      | Reached skill level 10 in Fighting
  5597 | D:7      | Reached XP level 10. HP: 30/103 MP: 0/17
  5815 | D:7      | Lost mutation: A frigid envelope surrounds you and freezes
                  | all who hurt you. [potion of mutation]
  5815 | D:7      | Gained mutation: You sometimes lose the ability to read
                  | scrolls when taking damage. [potion of mutation]
  5843 | D:7      | Lost mutation: You sometimes lose the ability to read
                  | scrolls when taking damage. [potion of mutation]
  5843 | D:7      | Gained mutation: Your muscles are strong. (Str +2) [potion
                  | of mutation]
  5843 | D:7      | Gained mutation: You possess an exceptional clarity of
                  | mind. [potion of mutation]
  5843 | D:7      | Gained mutation: Your spells are a little harder to cast,
                  | but a little more powerful. [potion of mutation]
  5897 | D:7      | Found an ornate altar of the Wu Jian Council.
  6044 | D:7      | Reached skill level 3 in Dodging
  6251 | D:7      | Identified the +0 leather armour of Zoprya {rF+ Dex+5 SInv}
  6367 | D:8      | Noticed a tengu warrior
  6376 | D:8      | Reached skill level 2 in Armour
  6392 | D:8      | Reached skill level 10 in Invocations
  6401 | D:8      | HP: 24/103 [yak (14)]
  6404 | D:8      | Pacified a tengu warrior
  6496 | D:8      | Reached skill level 3 in Armour
  6522 | D:8      | Found a shimmering blue altar of Sif Muna.
  6633 | D:8      | Reached skill level 4 in Dodging
  6742 | D:8      | Found a staircase to the Lair.
  6742 | D:8      | Noticed an elephant
  6751 | D:8      | Pacified an elephant
  6822 | D:8      | Found a shadowy altar of Dithmenos.
  7010 | D:8      | HP: 21/93 [sky beast (5)]
  7169 | D:8      | HP: 19/94 [kobold brigand/+0 short sword (2)]
  7177 | D:8      | HP: 17/95 [kobold/+0 dagger (2)]
  7443 | D:9      | HP: 13/96 [centaur/arrow (4)]
  7460 | D:9      | Noticed a manticore
  7833 | D:9      | HP: 15/99 [acid dragon/splash of acid (19)]
  7871 | D:9      | HP: 19/100 [yak (13)]
  7882 | D:9      | HP: 16/100 [yak (2)]
  7887 | D:9      | Reached XP level 11. HP: 40/109 MP: 19/19
  7888 | D:9      | HP: 21/110 [hornet (13)]
  7888 | D:9      | HP: 10/110 [yak (11)]
  7896 | D:10     | Entered Level 10 of the Dungeon
  7933 | D:9      | Lost mutation: Your spells are a little harder to cast, but
                  | a little more powerful. [potion of mutation]
  7933 | D:9      | Lost mutation: Your muscles are strong. (Str +2) [potion of
                  | mutation]
  7933 | D:9      | Lost mutation: You possess an exceptional clarity of mind.
                  | [potion of mutation]
  7933 | D:9      | HP: 25/110 [killer bee (7)]
  7935 | D:9      | HP: 11/110 [killer bee (4)]
  7935 | D:9      | HP: 2/110 [killer bee (4)]
  7938 | D:9      | Elyvilon protects you from harm!
  7938 | D:9      | Slain by a killer bee

Vanquished Creatures
  Pikel (D:4)
  6 yaks
  Eustachio (D:5)
  A steam dragon (D:6)
  A water moccasin (D:8)
  Edmund (D:4)
  An acid dragon (D:9)
  A sky beast (D:8)
  4 black bears
  An ogre (D:5)
  3 centaurs (D:7)
  3 kobold brigands
  4 necrophages
  2 bullfrogs
  5 wights (D:8)
  2 jellies
  Natasha (thrice) (D:2)
  Terence (D:2)
  6 iguanas
  2 orc wizards
  4 gnolls (D:4)
  9 adders
  A white imp (D:3)
  4 ufetubi
  4 worms (D:3)
  A dart slug (D:2)
  14 orcs
  9 endoplasms
  3 giant cockroaches
  4 hobgoblins
  3 jackals
  23 kobolds
  6 quokkas
  4 ball pythons
  4 bats
  3 frilled lizards
  6 goblins
  6 rats
  2 lurking horrors (D:3)
159 creatures vanquished.

Vanquished Creatures (others)
  A wyvern (D:8)
  A yak (D:8)
  A black bear (D:8)
  An orc priest (D:8)
  An orc (D:8)
  A plant (D:8)
6 creatures vanquished.

Grand Total: 165 creatures vanquished

Table legend:
 A = Non-vault XP
 B = Vault XP
 C = Vault XP percentage of total XP
 D = Non-vault monster count
 E = Vault monster count
 F = Vault count percentage of total count
                 A         B        C        D         E       F
            +---------+---------+-------+---------+---------+-------
      Total |    4844 |    1237 |  20.3 |     141 |      17 |  10.8
            +---------+---------+-------+---------+---------+-------
        D:1 |      32 |       0 |   0.0 |      18 |       0 |   0.0
        D:2 |     137 |      92 |  40.2 |      23 |       7 |  23.3
        D:3 |      93 |      23 |  19.8 |      14 |       6 |  30.0
        D:4 |     171 |     859 |  83.4 |      16 |       2 |  11.1
        D:5 |     610 |     188 |  23.6 |      15 |       1 |   6.2
        D:6 |     345 |       0 |   0.0 |      10 |       0 |   0.0
        D:7 |     684 |       0 |   0.0 |       9 |       0 |   0.0
        D:8 |    2236 |      75 |   3.2 |      31 |       1 |   3.1
        D:9 |     536 |       0 |   0.0 |       5 |       0 |   0.0
            +---------+---------+-------+---------+---------+-------

Illustrated notes

Table legend:
 A = Kills in this place as a percentage of kills in entire the game.
 B = Kills by you in this place as a percentage of kills by you in the entire game.
 C = Kills by friends in this place as a percentage of kills by friends in the entire game.
 D = Other kills in this place as a percentage of other kills in the entire game.
 E = Experience gained in this place as a percentage of experience gained in the entire game.
 F = Experience gained in this place divided by the number of levels of this place that you have seen.
                   A       B       C       D       E      F
               +-------+-------+-------+-------+-------+----------------------
         Total | 100.0 | 100.0 |   N/A | 100.0 | 100.0 | 608.1
       Dungeon | 100.0 | 100.0 |   N/A | 100.0 | 100.0 | 608.1
               +-------+-------+-------+-------+-------+----------------------

Table legend: (Time is in decaauts)
 A = Elapsed time spent in this place.
 B = Non-inter-level travel time spent in this place.
 C = Inter-level travel time spent in this place.
 D = Time resting spent in this place.
 E = Time spent auto-exploring this place.
 F = Levels seen in this place.
 G = Mean time per level.
                   A        B        C        D        E       F      G
               +--------+--------+--------+--------+--------+-----+--------+
         Total |   7967 |   7558 |    409 |    674 |   5540 |  10 |  796.7 |
       Dungeon |   7967 |   7558 |    409 |    674 |   5540 |  10 |  796.7 |
               +--------+--------+--------+--------+--------+-----+--------+

Top non-repeatable levels by time:
     D:8: 1412 daAuts
     D:4: 1167 daAuts
     D:3: 1147 daAuts
     D:6: 1067 daAuts
     D:1: 891 daAuts
     D:7: 804 daAuts
     D:2: 680 daAuts
     D:5: 614 daAuts
     D:9: 178 daAuts
    D:10: 2 daAuts
